 Dungeon Crawl Stone Soup version 0.30-a0-459-g9104f0fc43 (webtiles) character file.

Game seed: 13435634060159845506

2881 drugrobin the Geomancer (level 9, 0/74 HPs)
             Began as a Demigod Delver on Dec 16, 2022.
             Slain by an ice beast (9 damage)
             ... on level 7 of the Dungeon.
             The game lasted 00:35:10 (6561 turns).

drugrobin the Geomancer (Demigod Delver)            Turns: 6561, Time: 00:35:11

Health: 0/74       AC:  7    Str: 20    XL:     9   Next: 24%
Magic:  28/28      EV: 12    Int: 20    God:
Gold:   216        SH:  0    Dex: 15    Spells: 9/17 levels left

rFire   . . .      SeeInvis .    c - +11 whip "Hydraslayer" {venom, Will+ MP+9}
rCold   . . .      Faith    .    (no shield)
rNeg    + + +      Spirit   .    A - +0 ring mail of Rioffie {+Blink rC- rN++ Str+3}
rPois   .          Reflect  .    (no helmet)
rElec   .          Harm     .    F - +0 cloak
rCorr   .          Rampage  .    (no gloves)
Will    +....                    z - +0 pair of boots
Stlth   ++........               (no amulet)
HPRegen 0.32/turn                h - ring of protection from cold
MPRegen 0.21/turn                t - ring of positive energy

@: no status effects
A: high MP 1, forlorn, divine attributes
a: Evoke Blink


You were on level 7 of the Dungeon.
You visited 1 branch of the dungeon, and saw 7 of its levels.

You collected 300 gold pieces.
You spent 84 gold pieces at shops.

Inventory:

Hand Weapons
 a - a +1 dagger of electrocution
 b - a +0 sling
 c - the +11 whip "Hydraslayer" (weapon) {venom, Will+ MP+9}
   (You found it on level 3 of the Dungeon)

   It poisons the flesh of those it strikes.
   MP:        It affects your magic capacity (+9).
   Will:      It increases your willpower.
 g - a +2 long sword
 r - a +0 rapier
Missiles
 D - 12 poisoned darts
 M - 2 throwing nets
Armour
 i - a +0 leather armour
 l - a +0 scale mail
 n - a +0 chain mail
 z - a +0 pair of boots (worn)
 A - the +0 ring mail of Rioffie (worn) {+Blink rC- rN++ Str+3}
   (You found it on level 2 of the Dungeon)

   Str:       It affects your strength (+3).
   rC:        It makes you vulnerable to cold.
   rN:        It greatly protects you from negative energy.
   +Blink:    It lets you blink.
 F - a +0 cloak (worn)
Magical Staves
 q - a staff of conjuration
Jewellery
 h - a ring of protection from cold (left hand)
 t - a ring of positive energy (right hand)
 I - a ring of ice
Wands
 k - a wand of flame (8)
 C - a wand of digging (9)
 L - a wand of polymorph (6)
Scrolls
 d - 3 scrolls of magic mapping
 e - a scroll of fear
 m - 3 scrolls of identify
 w - 2 scrolls of blinking {unknown}
 y - 2 scrolls of enchant armour {unknown}
 B - 4 scrolls of teleportation {unknown}
 E - a scroll of fog
 H - a scroll of immolation
 K - a scroll of amnesia
 N - a scroll of poison
 Q - a scroll of vulnerability
Potions
 f - 3 potions of haste
 j - a potion of degeneration {unknown}
 o - a potion of resistance {unknown}
 p - 2 potions of heal wounds
 s - 2 potions of cancellation {unknown}
 u - 3 potions of brilliance {unknown}
 v - 4 potions of curing {unknown}
 x - 3 potions of lignification {unknown}
 G - 2 potions of attraction {unknown}
 J - a potion of invisibility {unknown}
 O - 2 potions of might {unknown}
 P - a potion of flight {unknown}


   Skills:
 + Level 5.3 Fighting
 - Level 1.7 Long Blades
 + Level 2.8 Dodging
 - Level 4.5 Stealth
 - Level 4.6 Spellcasting
 + Level 4.3 Conjurations
 * Level 8.3 Earth Magic


You had 9 spell levels left.
You knew the following spells:

 Your Spells              Type           Power      Damage    Failure   Level
a - Sandblast             Erth           74%        2d16      1%          1
b - Passwall              Tmut/Erth      17%        N/A       6%          2
c - Lee's Rapid Deconstr  Erth           18%        3d11*     19%         5

Your spell library contained the following spells:

 Spells                   Type           Power      Damage    Failure   Level
 Magic Dart               Conj           88%        1d7       3%          1
 Freeze                   Ice            16%        1d4       22%         1
 Hailstorm                Conj/Ice       13%        3d5       26%         3
 Call Imp                 Summ           4%         N/A       32%         2
 Ensorcelled Hibernation  Hex/Ice        8%         N/A       32%         2
 Sublimation of Blood     Necr           4%         N/A       32%         2
 Wereblood                Tmut           4%         N/A       32%         2
 Mephitic Cloud           Conj/Pois/Air  10%        N/A       34%         3
 Leda's Liquefaction      Hex/Erth       10%        N/A       36%         4
 Frozen Ramparts          Ice            8%         1d2       54%         3
 Ignite Poison            Fire/Tmut/Pois 4%         N/A       54%         3
 Kindle Blastsparks       Fire/Tloc/Air  8%         2d10      54%         3
 Spider Form              Tmut/Pois      4%         N/A       54%         3
 Anguish                  Hex/Necr       2%         N/A       91%         4
 Iron Shot                Conj/Erth      15%        9d4       93%         6
 Freezing Cloud           Conj/Ice/Air   5%         6-21      97%         5
 Metabolic Englaciation   Hex/Ice        2%         N/A       99%         5
 Statue Form              Tmut/Erth      14%        N/A       99%         6
 Summon Hydra             Summ           2%         N/A       100%        7


Dungeon Overview and Level Annotations

Branches:
Dungeon (7/15)             Temple (0/1) D:7

Shops:
D:4 (   D:5 *   D:7 (

Annotations:
D:2 Sigmund
D:3 Terence


Innate Abilities, Weirdness & Mutations

You have an increased reservoir of magic. (+10% MP)
You shall have no god before yourself.
Your divine heritage dramatically boosts your attributes as you level up.


Message History

You feel sick. The ice beast hits you. The ice beast freezes you!
Unknown command.
Unknown command.
Unknown command.
Unknown command.
Unknown command.
Unknown command.
Unknown command.
You barely miss the ice beast.
The ice beast is heavily wounded.
You feel sick. The ice beast closely misses you. The ice beast hits you.
* * * LOW HITPOINT WARNING * * *
The ice beast freezes you.
* * * LOW HITPOINT WARNING * * *
Unknown command.
Unknown command.
Unknown command.
Unknown command.
Unknown command.
Unknown command.
You hit the ice beast but do no damage.
The ice beast is heavily wounded.
You feel yourself speed up.
You feel sick. The ice beast closely misses you. x2
Unknown command.
Unknown command.
Unknown command.
Unknown command.
Unknown command.
Unknown command.
Unknown command.
Aiming: Throw Flame
Press: ? - help, Shift-Dir - straight line, f - ice beast
Aim: an ice beast (severely wounded, very poisoned, 68% to hit)
The puff of flame misses the ice beast.
You feel sick.
You are no longer poisoned.
The ice beast hits you.
* * * LOW HITPOINT WARNING * * *
The ice beast freezes you!
You die...

#.# #..#.#.#.#.###.... #.#
#...#.>.#.........
#.#######..#.#.#.#........
#...........#.#.#.........
##########...#.#........^.
........................
#######.#...[...........
#.#########....... #@#
#....... #Y# ######## ...
..... ....... .........
........!.# .....(.....#


You could see an ice beast (very poisoned).

Vanquished Creatures
  Pikel (D:4)
  A hornet (D:7)
  A sky beast (D:7)
  A black bear (D:6)
  2 ice beasts
  2 phantoms
  A centaur (D:6)
  A lemure (D:4)
  A necrophage (D:5)
  3 scorpions
  5 wights (D:6)
  5 killer bees (D:7)
  2 howler monkeys
  An orc priest (D:4)
  Crazy Yiuf (D:2)
  3 gnoll boudas
  3 hounds
  3 jellies
  Jessica (D:2)
  6 iguanas
  3 orc wizards (D:4)
  12 gnolls
  9 adders
  A shadow imp (D:5)
  A white imp (D:7)
  A worm (D:2)
  16 orcs
  6 ball pythons
  4 endoplasms
  4 giant cockroaches
  5 goblins
  4 hobgoblins
  3 jackals (D:4)
  3 quokkas
  3 training dummies (D:7)
  2 bats
  7 frilled lizards
  8 kobolds
  6 rats
142 creatures vanquished.

Vanquished Creatures (others)
  A plant (D:1)
1 creature vanquished.

Grand Total: 143 creatures vanquished

Notes
Turn   | Place    | Note
-------+----------+-------------------------------------------
     0 | D:5      | drugrobin the Demigod Delver began the quest for the Orb.
     0 | D:5      | Reached XP level 1. HP: 18/18 MP: 3/3
    42 | D:5      | Found Huse's General Store.
   108 | D:4      | Noticed a phantom
   137 | D:4      | Found Evanguc's Antique Weapon Shoppe.
   189 | D:4      | Noticed a jelly
   196 | D:4      | Killed a jelly
   197 | D:4      | Reached XP level 2. HP: 27/27 MP: 4/4
   250 | D:4      | Reached XP level 3. HP: 34/34 MP: 5/5
   540 | D:3      | Noticed Terence
   555 | D:2      | Reached XP level 4. HP: 36/41 MP: 6/6
   591 | D:2      | Got the Volume of Destiny
   620 | D:2      | Learned a level 1 spell: Sandblast
   623 | D:2      | Learned a level 2 spell: Passwall
  1027 | D:1      | Reached skill level 1 in Earth Magic
  1560 | D:2      | Noticed Sigmund
  1652 | D:2      | Noticed Jessica
  1662 | D:2      | Killed Jessica
  1666 | D:2      | Identified the +0 ring mail of Rioffie {+Blink rC- rN++
                  | Str+3}
  2275 | D:3      | Identified the +11 whip "Hydraslayer" {venom, Will+ MP+9}
  2358 | D:2      | Reached skill level 2 in Earth Magic
  2432 | D:2      | Found a runed translucent door.
  2433 | D:2      | Noticed Crazy Yiuf
  2441 | D:2      | Killed Crazy Yiuf
  2442 | D:2      | Reached skill level 1 in Spellcasting
  2442 | D:2      | Reached XP level 5. HP: 14/47 MP: 9/9
  3006 | D:4      | Reached skill level 3 in Earth Magic
  3146 | D:4      | Noticed Pikel
  3238 | D:4      | Reached XP level 6. HP: 33/53 MP: 11/11
  3366 | D:3      | Reached skill level 4 in Earth Magic
  3821 | D:5      | Reached XP level 7. HP: 60/60 MP: 12/14
  3845 | D:4      | Reached skill level 5 in Earth Magic
  3988 | D:5      | Bought a scroll of identify for 24 gold pieces
  3988 | D:5      | Bought a potion of heal wounds for 60 gold pieces
  4129 | D:5      | Reached skill level 1 in Conjurations
  4907 | D:4      | Killed Pikel
  4908 | D:4      | Reached skill level 6 in Earth Magic
  4908 | D:4      | Reached XP level 8. HP: 65/67 MP: 17/17
  5476 | D:6      | Reached skill level 7 in Earth Magic
  5492 | D:6      | Learned a level 5 spell: Lee's Rapid Deconstruction
  6121 | D:7      | Found a staircase to the Ecumenical Temple.
  6213 | D:7      | Reached XP level 9. HP: 72/73 MP: 19/19
  6217 | D:7      | Reached skill level 5 in Fighting
  6222 | D:7      | Reached skill level 8 in Earth Magic
  6313 | D:7      | Found Itirgh's Firing Range.
  6561 | D:7      | Slain by an ice beast

Illustrated notes

Levels and vault maps discovered:
D:1:      denvon_arrival_planthouse, layout_loops_cross
D:2:      layout_loops_cross, uniq_crazy_yiuf_cottage, uniq_sigmund,
          uniq_jessica
D:3:      layout_basic, grunt_gozag_breadcrumbs, uniq_terence
D:4:      layout_basic, nicolae_sif_muna_condensation, serial_shops, shop,
          uniq_pikel
D:5:      layout_cave_pods, serial_shops, shop, chequers_serial_rivers_small_a
D:6:      layout_rooms, kennysheep_generic_room_13
D:7:      layout_basic, minmay_temple_entry_grid, nicolae_shop_firing_range,
          uniq_maggie

Skill      XL: |  1  2  3  4  5  6  7  8  9 |
---------------+----------------------------+-----
Fighting       | 3 4 5 |  5.3
Earth Magic    | 2 3 4 6 7 8 |  8.3
Spellcasting   | 1 2 3 4 |  4.6
Conjurations   | 2 3 4 |  4.3
Dodging        | 2 |  2.8
Long Blades    | |  1.7
Stealth        | |  4.5

Action                   |  1- 3 |  4- 6 |  7- 9 || total
-------------------------+-------+-------+-------++-------
Melee: Falchion          |    45 |    88 |       ||   133
       Whip              |       |    67 |    82 ||   149
       Dagger            |       |    10 |    26 ||    36
       Punch             |       |     2 |     2 ||     4
       Unarmed           |       |       |     9 ||     9
 Fire: Sling             |     7 |    14 |    34 ||    55
Throw: Dart              |       |     3 |     2 ||     5
 Cast: Sandblast         |       |    25 |    70 ||    95
 Abil: Evoke Blink       |       |       |     1 ||     1
Evoke: Wand              |     5 |     2 |     1 ||     8
  Use: Scroll            |       |       |     4 ||     4
       Potion            |       |       |     1 ||     1
 Stab: Sleeping          |     1 |     6 |     2 ||     9
Armor: Scale mail        |    10 |     4 |       ||    14
       Chain mail        |       |    36 |       ||    36
       Ring mail         |       |    27 |    45 ||    72
       Leather armour    |       |     2 |       ||     2
       Skin              |       |       |     1 ||     1
Dodge: Dodged            |    24 |    70 |    81 ||   175

Table legend: (Time is in decaauts)
 A = Elapsed time spent in this place.
 B = Non-inter-level travel time spent in this place.
 C = Inter-level travel time spent in this place.
 D = Time resting spent in this place.
 E = Time spent auto-exploring this place.
 F = Levels seen in this place.
 G = Mean time per level.
                   A        B        C        D        E       F      G
               +--------+--------+--------+--------+--------+-----+--------+
         Total |   6666 |   6312 |    354 |    822 |   3540 |   7 |  952.3 |
       Dungeon |   6666 |   6312 |    354 |    822 |   3540 |   7 |  952.3 |
               +--------+--------+--------+--------+--------+-----+--------+

Top non-repeatable levels by time:
     D:5: 1376 daAuts
     D:4: 1200 daAuts
     D:2: 1071 daAuts
     D:3: 1025 daAuts
     D:1: 816 daAuts
     D:6: 721 daAuts
     D:7: 454 daAuts
